 Dungeon Crawl Stone Soup version 0.29-a0-824-gd827844252 (webtiles) character file.

Game seed: 15142359623263434596

417859 Malachi the Gelid (level 23, -2/178 HPs)
             Began as an Octopode Ice Elementalist on July 10, 2022.
             Was a High Priest of Sif Muna.
             Killed from afar by a war gargoyle (51 damage)
             ... with a spray of metal splinters
             ... on level 5 of the Vaults.
             The game lasted 03:22:47 (82060 turns).

Malachi the Gelid (Octopode Ice Elementalist)      Turns: 82060, Time: 03:22:48

Health: -2/178     AC:  5    Str:  6      XL:     23   Next: 64%
Magic:  34/57      EV: 19    Int: 50 (53) God:    Sif Muna [*****.]
Gold:   766        SH: 11    Dex: 16      Spells: 0/46 levels left

rFire   + . .      SeeInvis +   I - +4 dagger "Morg" {pain, Will+ Int+5}
rCold   + + +      Faith    .   n - +3 buckler of Qazlal's Respect {rCorr Dex+2}
rNeg    + . .      Spirit   .   C - +0 hat of the Furies {rC++ Regen+}
rPois   +          Reflect  .   k - amulet of the Four Winds {rN+ Will+++ Clar}
rElec   +          Harm     .   b - ring of Gerghishry {*Corrode rElec rPois rC++ Int+6}
rCorr   +          Rampage  .   r - ring "Ybroum" {Fire rElec Str-2 Int+4}
Will    +++++      Archmagi +   U - ring "Russus" {Fly rElec Int+6}
Stlth   +++++++++. Clarity  +   O - ring of magical power
HPRegen 1.19/turn               i - ring of the Mage {Wiz Archmagi}
MPRegen 0.35/turn               V - +6 ring of intelligence
                                R - ring "Athroc" {rPois rC+ MP+9 SInv}
                                o - ring of Shadows {Umbra +Inv Stlth+}

@: silenced (expiring), flying, wreathed by umbra, studying Throwing
A: almost no armour, amphibious, 8 rings, camouflage 1, gelatinous body 1,
(nimble swimmer 1), tentacles, iridescent scales 2, robust 1, electricity
resistance
}: 2/15 runes: decaying, serpentine
a: Renounce Religion, Evoke Invisibility


You were on level 5 of the Vaults.
You worshipped Sif Muna.
Sif Muna was extremely pleased with you.
You visited 8 branches of the dungeon, and saw 40 of its levels.
You also visited: Bailey, Gauntlet, Ice Cave and Desolation.

You collected 6864 gold pieces.
You spent 6098 gold pieces at shops.

Inventory:

Hand Weapons
 I - the +4 dagger "Morg" (weapon) {pain, Will+ Int+5}
   (You found it on level 5 of the Dungeon)

   In the hands of one skilled in necromantic magic, it inflicts extra damage on
   living creatures.
   Int:       It affects your intelligence (+5).
   Will:      It increases your willpower.
 J - a +9 quick blade of electrocution
Armour
 n - the +3 buckler of Qazlal's Respect (worn) {rCorr Dex+2}
   (You took it off a gnoll sergeant on level 7 of the Dungeon)

   Dex:       It affects your dexterity (+2).
   rCorr:     It protects you from acid and corrosion.
 C - the +0 hat of the Furies (worn) {rC++ Regen+}
   (You acquired it on level 4 of the Vaults)

   rC:        It greatly protects you from cold.
   Regen:     It increases your rate of health regeneration.
Jewellery
 b - the ring of Gerghishry (left tentacle) {*Corrode rElec rPois rC++ Int+6}
   (You bought it in a shop on level 4 of the Snake Pit)

   [ring of intelligence]

   Int:       It affects your intelligence (+6).
   rC:        It greatly protects you from cold.
   rElec:     It insulates you from electricity.
   rPois:     It protects you from poison.
   *Corrode:  It may corrode you when you take damage.
 i - the ring of the Mage (on tentacle) {Wiz Archmagi}
   (You took it off a deep elf high priest on level 3 of the Elven Halls)

   [ring of wizardry]

   It improves your spell success rate.
   Archmagi:  It increases the power of your magical spells.
 k - the amulet of the Four Winds (around mantle) {rN+ Will+++ Clar}
   (You bought it in a shop on level 4 of the Snake Pit)

   [amulet of nothing]

   rN:        It protects you from negative energy.
   Clar:      It protects you against confusion.
   Will:      It greatly increases your willpower.
 o - the ring of Shadows (on tentacle) {Umbra +Inv Stlth+}
   (You bought it in a shop on level 7 of the Dungeon)

   [ring of stealth]

   It surrounds you with an aura of shadow, increasing your stealth and reducing
   the accuracy of all others within it.
   +Inv:      It lets you turn invisible.
   Stlth:     It makes you more stealthy.
 r - the ring "Ybroum" (right tentacle) {Fire rElec Str-2 Int+4}
   (You took it off a deep elf pyromancer on level 3 of the Elven Halls)

   [ring of fire]

   It enhances your fire magic.
   Str:       It affects your strength (-2).
   Int:       It affects your intelligence (+4).
   rF:        It protects you from fire.
   rC:        It makes you vulnerable to cold.
   rElec:     It insulates you from electricity.
 N - the ring "Xitoaz" {rPois Will+ Slay+4 SInv}
   (You found it on level 7 of the Dungeon)

   [ring of slaying]

   Slay:      It affects your accuracy & damage with ranged weapons and melee
   (+4).
   rPois:     It protects you from poison.
   SInv:      It lets you see invisible.
   Will:      It increases your willpower.
 O - a ring of magical power (on tentacle)
 R - the ring "Athroc" (on tentacle) {rPois rC+ MP+9 SInv}
   (You found it on level 1 of the Lair of Beasts)

   [ring of poison resistance]

   rC:        It protects you from cold.
   rPois:     It protects you from poison.
   MP:        It affects your magic capacity (+9).
   SInv:      It lets you see invisible.
 U - the ring "Russus" (on tentacle) {Fly rElec Int+6}
   (You found it in a Gauntlet)

   [ring of intelligence]

   Int:       It affects your intelligence (+6).
   rElec:     It insulates you from electricity.
   Fly:       It grants you flight.
 V - a +6 ring of intelligence (on tentacle)
Wands
 e - a wand of digging (10)
 u - a wand of polymorph (18)
 x - a wand of mindburst (29)
 E - a wand of paralysis (63)
 M - a wand of roots (39)
 S - a wand of acid (20)
Scrolls
 d - 14 scrolls of immolation
 g - 8 scrolls of enchant armour
 h - 6 scrolls of magic mapping
 q - 12 scrolls of teleportation
 t - 3 scrolls of silence
 v - 2 scrolls of torment
 w - 6 scrolls of amnesia
 y - 4 scrolls of blinking
 z - 7 scrolls of summoning
 D - 7 scrolls of vulnerability
 F - 10 scrolls of poison
 G - 2 scrolls of enchant weapon
 P - 4 scrolls of fog
 T - 7 scrolls of fear
Potions
 f - 8 potions of lignification
 j - 9 potions of haste
 l - 14 potions of attraction
 p - 4 potions of ambrosia
 s - 5 potions of brilliance
 A - 22 potions of curing
 B - 7 potions of might
 K - 2 potions of invisibility
 L - 5 potions of heal wounds
 Q - 4 potions of resistance
 Y - a potion of berserk rage
 Z - 3 potions of mutation
Miscellaneous
 c - a box of beasts
 m - a condenser vane (inert)
 H - a tin of tremorstones (2/2)
 X - a phantom mirror


   Skills:
 - Level 15.0 Fighting
 - Level 10.0 Short Blades
 - Level 0.3 Maces & Flails
 - Level 0.2 Throwing
 - Level 12.0 Dodging
 - Level 12.0 Stealth
 - Level 13.5 Shields
 - Level 12.1 Spellcasting
 - Level 6.0 Conjurations
 - Level 4.0 Hexes
 - Level 17.0 Summonings
 - Level 12.0 Necromancy
 - Level 7.0 Translocations
 - Level 12.0 Transmutations
 * Level 19.7 Ice Magic
 - Level 8.0 Earth Magic
 - Level 11.6 Invocations
 - Level 1.4 Evocations


You couldn't memorise any spells.
You knew the following spells:

 Your Spells              Type           Power      Damage    Failure   Level
a - Blink                 Tloc           100%       N/A       1%          2
b - Frozen Ramparts       Ice            100%       1d12      0%          3
c - Silence               Hex/Air        33%        N/A       4%          5
d - Polar Vortex          Ice            74%        N/A       11%         9
e - Summon Horrible Thin  Summ           70%        N/A       1%          8
f - Malign Gateway        Summ/Tloc      61%        N/A       1%          7
g - Passwall              Tmut/Erth      95%        N/A       0%          2
h - Dispel Undead         Necr           100%       3d31      1%          4
i - Statue Form           Tmut/Erth      76%        N/A       1%          6

Your spell library contained the following spells:

 Spells                   Type           Power      Damage    Failure   Level
 Beastly Appendage        Tmut           100%       N/A       0%          1
 Freeze                   Ice            100%       1d11      0%          1
 Necrotise                Necr           100%       1d9       0%          1
 Summon Small Mammal      Summ           100%       N/A       0%          1
 Call Imp                 Summ           100%       N/A       0%          2
 Ensorcelled Hibernation  Hex/Ice        100%       N/A       0%          2
 Sublimation of Blood     Necr           100%       N/A       0%          2
 Wereblood                Tmut           100%       N/A       0%          2
 Call Canine Familiar     Summ           100%       N/A       0%          3
 Ozocubu's Armour         Ice            100%       N/A       0%          3
 Vampiric Draining        Necr           100%       2d13      0%          3
 Ice Form                 Ice/Tmut       100%       N/A       0%          4
 Summon Ice Beast         Ice/Summ       100%       N/A       0%          4
 Apportation              Tloc           100%       N/A       1%          1
 Foxfire                  Conj/Fire      100%       2x1d9     1%          1
 Magic Dart               Conj           100%       1d8       1%          1
 Sandblast                Erth           100%       2d20      1%          1
 Slow                     Hex            100%       N/A       1%          1
 Sting                    Tmut/Pois      100%       1d8       1%          1
 Poisonous Vapours        Pois/Air       90%        N/A       1%          2
 Scorch                   Fire           100%       2d10      1%          2
 Static Discharge         Conj/Air       74%        3-13/arc  1%          2
 Confusing Touch          Hex            81%        N/A       1%          3
 Conjure Flame            Conj/Fire      94%        6-21      1%          3
 Dazzling Flash           Conj/Hex       100%       N/A       1%          3
 Gell's Gravitas          Tloc           100%       N/A       1%          3
 Ignite Poison            Fire/Tmut/Pois 100%       N/A       1%          3
 Inner Flame              Hex/Fire       85%        N/A       1%          3
 Mephitic Cloud           Conj/Pois/Air  66%        N/A       1%          3
 Portal Projectile        Hex/Tloc       100%       N/A       1%          3
 Stone Arrow              Conj/Erth      100%       3d13      1%          3
 Summon Guardian Golem    Hex/Summ       100%       N/A       1%          3
 Swiftness                Air            45%        N/A       1%          3
 Teleport Other           Tloc           100%       N/A       1%          3
 Tukima's Dance           Hex            81%        N/A       1%          3
 Anguish                  Hex/Necr       52%        N/A       1%          4
 Animate Dead             Necr           100%       N/A       1%          4
 Cause Fear               Hex            40%        N/A       1%          4
 Corpse Rot               Necr/Pois/Air  81%        N/A       1%          4
 Flame Wave               Conj/Fire      94%        2d16      1%          4
 Hailstorm                Conj/Ice       100%       3d20      1%          4
 Iskenderun's Mystic Bla  Conj/Tloc      97%        2d19      1%          4
 Leda's Liquefaction      Hex/Erth       47%        N/A       1%          4
 Passage of Golubria      Tloc           100%       N/A       1%          4
 Petrify                  Tmut/Erth      100%       N/A       1%          4
 Summon Lightning Spire   Summ/Air       100%       N/A       1%          4
 Agony                    Necr           100%       N/A       1%          5
 Alistair's Intoxication  Tmut/Pois      62%        N/A       1%          5
 Blade Hands              Tmut           61%        N/A       1%          5
 Borgnjor's Vile Clutch   Necr/Erth      57%        N/A       1%          5
 Freezing Cloud           Conj/Ice/Air   54%        6-21      1%          5
 Irradiate                Conj/Tmut      55%        3d31      1%          5
 Iskenderun's Battlesphe  Conj           94%        2d14      1%          5
 Lee's Rapid Deconstruct  Erth           52%        3d26*     1%          5
 Manifold Assault         Tloc           100%       N/A       1%          5
 Metabolic Englaciation   Hex/Ice        61%        N/A       1%          5
 Summon Forest            Summ/Tloc      61%        N/A       1%          5
 Summon Mana Viper        Hex/Summ       100%       N/A       1%          5
 Yara's Violent Unravell  Hex/Tmut       52%        3d20      1%          5
 Simulacrum               Ice/Necr       68%        N/A       1%          6
 Summon Cactus Giant      Summ           70%        N/A       1%          6
 Dragon Form              Tmut           61%        N/A       1%          7
 Haunt                    Necr/Summ      66%        N/A       1%          7
 Monstrous Menagerie      Summ           70%        N/A       1%          7
 Summon Hydra             Summ           70%        N/A       1%          7
 Fireball                 Conj/Fire      47%        3d19      2%          5
 Lightning Bolt           Conj/Air       37%        1d55      2%          5
 Dispersal                Tloc           50%        N/A       2%          6
 Iron Shot                Conj/Erth      50%        9d10      2%          6
 Spellforged Servitor     Conj/Summ      60%        N/A       2%          7
 Airstrike                Air            22%        0-8+      3%          4
 Olgreb's Toxic Radiance  Pois           45%        N/A       3%          4
 Eringya's Noxious Bog    Tmut/Pois      47%        N/A       4%          6
 Conjure Ball Lightning   Conj/Air       37%        3x3d12    16%         6
 Starburst                Conj/Fire      47%        6d13      16%         6
 Borgnjor's Revivificati  Necr           61%        N/A       16%         8
 Infestation              Necr           61%        N/A       16%         8
 Necromutation            Tmut/Necr      61%        N/A       16%         8
 Orb of Destruction       Conj           47%        9d12      24%         7
 Storm Form               Tmut/Air       47%        N/A       24%         7
 Dragon's Call            Summ           70%        N/A       30%         9
 Enfeeble                 Hex            40%        N/A       45%         7
 Lehudib's Crystal Spear  Conj/Erth      50%        10d12     73%         8
 Maxwell's Capacitive Co  Air            22%        ∞         100%        8
 Chain Lightning          Conj/Air       37%        3d49      100%        9
 Fire Storm               Conj/Fire      47%        8d12      100%        9
 Shatter                  Erth           52%        3d40*     100%        9
 Animate Armour           Summ/Erth      Unusable   N/A       N/A         4

Dungeon Overview and Level Annotations

Branches:
Dungeon (15/15)            Temple (1/1) D:4            Lair (6/6) D:9
  Swamp (4/4) Lair:2        Snake (4/4) Lair:2        Slime (0/5) Lair:6
    Orc (2/2) D:11            Elf (3/3) Orc:2        Vaults (5/5) D:13
  Crypt (0/3) Vaults:2     Depths (0/4) D:15         Bailey (visited)
  IceCv (visited)         Desolation (visited)      Gauntlet (visited)

Altars:
Ashenzari
Cheibriados
Dithmenos
Elyvilon
Fedhas
Gozag
Hepliaklqana
Kikubaaqudgha
Makhleb
Nemelex Xobeh
Okawaru
Qazlal
Ru
Sif Muna
Trog
Uskayaw
Vehumet
Wu Jian
Xom
Yredelemnul
Zin
The Shining One
Jiyva

Shops:
D:6 [   D:7 =   D:8 ?   D:13 !   D:15 *   Orc:2 ([*=   Elf:2 [   Elf:3 *
Snake:1 (   Snake:4 =:=   Vaults:1 :   Vaults:4 *

Portals:
Trove: Elf:3 (show abyssal rune of Zot)

Annotations:
Temple 2 transporters
Lair:1 3 runed translucent doors, exclusion: 3 doors, Ateoteh's ghost, journeyman OgCK


Innate Abilities, Weirdness & Mutations

You cannot wear most types of armour.
You are amphibious.
You can wear up to eight rings at the same time.
Your skin changes colour to match your surroundings (Stealth+).
Your rubbery body absorbs attacks. (AC +1, EV +1)
((You are camouflaged when in or above water. (Stealth+)))
You have tentacles for arms and can constrict up to eight enemies at once.
You are mostly covered in iridescent scales. (AC +4)
You are robust. (+10% HP)
You are resistant to electric shocks. (rElec)


Message History

The vault guard is engulfed in poison gas.
The vault guard looks as sick as possible!
The yaktaur is engulfed in poison gas.
The yaktaur looks as sick as possible!
The vault guard is engulfed in poison gas.
The vault guard looks as sick as possible!
The yaktaur is engulfed in poison gas.
The yaktaur looks even sicker.
The yaktaur is engulfed in poison gas.
The yaktaur looks even sicker.
The vault guard is engulfed in poison gas.
The vault guard looks as sick as possible!
The vault guard is engulfed in poison gas.
The vault guard looks as sick as possible!
The yaktaur is engulfed in poison gas.
The yaktaur looks even sicker.
The yaktaur is engulfed in poison gas.
The yaktaur looks even sicker.
The war gargoyle hits you with a +0 morningstar of protection!
* * * LOW HITPOINT WARNING * * *
Magic scrolls do not work when you're silenced!
Unknown command.
The war gargoyle attacks as you move away!
You block the war gargoyle's attack.
The ironbound preserver attacks as you move away!
The ironbound preserver hits you with the +4 quarterstaff "Jaxintin" {vorpal, Fragile Str+6 Stlth+}!!
* * * LOW HITPOINT WARNING * * *
x2 The war gargoyle launches metal splinters at you.
The spray of metal splinters misses you.
The ironbound preserver casts a spell.
The ironbound preserver begins to accept its allies' injuries.
The yaktaur is engulfed in poison gas.
The yaktaur looks as sick as possible!
The yaktaur is engulfed in poison gas.
The yaktaur looks as sick as possible!
You feel much better.
The yaktaur looks as sick as possible!
Unknown command.
You block the war gargoyle's attack.
Unknown command.
Magic scrolls do not work when you're silenced!
Okay, then.
The ironbound preserver casts a spell.
The ironbound preserver is healed somewhat.
You block the war gargoyle's attack.
The war gargoyle launches metal splinters at you.
The spray of metal splinters hits you!!!
You die...

)) .. ##.##.. .... #O O# #.#.#..
.... # #9#.# ##.##.. .... #.##
##§#########.#.#.. ....##.#.#
#.#D#.#.#.#)#.##.. ....#.#.#
#X#X#§#§#)#.#.#.#.. .......#
#.#.#X#X#.#9#.#.....
.....)#######################))..
...........ccp9.@......)))).)....
...........cpp..........)).)....)
#################################


You could see an ironbound preserver (poisoned), 2 vault guards, a war gargoyle
(sheltered, catching breath) and 3 yaktaurs.

Vanquished Creatures
  The ghost of Weosaxue the Earth Mage, an adept GrEE of Vehumet (Vaults:4)
  A deep elf blademaster (Elf:2)
  A sphinx (Vaults:4)
  The ghost of Duil the Thaumaturge, an adept DsCj of Cheibriados (Elf:1)
  2 shadow dragons (Vaults:4)
  A tengu reaver (Vaults:5)
  4 nagarajas
  2 fire giants (Vaults:5)
  8 vault wardens
  3 deep elf sorcerers
  An orc warlord (Bailey)
  An imperial myrmidon (Desolation)
  A war gargoyle (Vaults:2)
  16 ironbound preservers
  A very ugly thing (Vaults:4)
  A deep elf elementalist (Elf:3)
  4 ironbound thunderhulks
  5 deep elf annihilators
  An entropy weaver (Vaults:3)
  2 deep elf demonologists (Elf:3)
  11 dire elephants
  2 halazid warlocks (Desolation)
  3 crystal guardians (Desolation)
  7 deep elf death magi
  4 ragged hierophants (Desolation)
  8 great orbs of eyes
  7 yaktaur captains
  A deep elf high priest (Elf:3)
  2 salamander tyrants
  9 vault guards
  3 hydras
  3 ogre magi
  A hell beast (Gauntlet)
  A quicksilver dragon skeleton (Vaults:4)
  2 boulder beetles (Vaults:2)
  7 peacekeepers
  6 centaur warriors
  A death knight (D:8)
  5 ironbound frosthearts
  20 dancing weapons
  3 anacondas
  6 two-headed ogres
  6 naga warriors
  3 tengu warriors
  7 naga sharpshooters
  A vampire mage (Vaults:2)
  2 death yaks (D:9)
  2 shock serpents
  3 orc high priests
  7 deep elf knights
  Amaemon (Lair:1)
  The ghost of Majang the Digger, a novice MeEE of Vehumet (D:7)
  7 salamander mystics
  4 skeletal warriors (D:13)
  40 deep trolls
  2 glowing orange brains
  Pikel (D:7)
  2 deep elf archers
  A bog body (Swamp:1)
  8 wizards
  3 naga ritualists
  2 phantasmal warriors
  5 lindwurms
  21 deep elf zephyrmancers
  8 ironbound convokers
  6 necromancers
  16 deep elf pyromancers
  An orc knight (Vaults:4)
  2 orc sorcerers (Elf:2)
  7 salamanders
  3 mana vipers (Snake:4)
  15 ugly things
  2 cyclopes
  2 manticores
  12 slime creatures
  A will-o-the-wisp (Swamp:2)
  5 elephants (Lair:6)
  A titan simulacrum (Vaults:4)
  2 ice statues
  21 black mambas
  11 naga magi
  5 guardian serpents
  A molten gargoyle (Desolation)
  Joseph (D:7)
  A gargoyle (D:13)
  Maggie (D:7)
  An orange demon (Lair:1)
  10 vault sentinels
  16 cane toads
  A kobold demonologist (Elf:1)
  4 komodo dragons
  15 yaktaurs
  8 rime drakes
  An anaconda simulacrum (IceCv)
  A freezing wraith (Vaults:2)
  2 tengu conjurers
  A troll (shapeshifter) (D:14)
  5 polar bears
  5 trolls
  2 tyrant leeches
  5 hornets
  43 saltlings (Desolation)
  17 blink frogs
  A fire giant simulacrum (Vaults:4)
  6 dream sheep
  2 air elementals
  Sigmund (D:7)
  11 spriggans (Lair:6)
  A fire elemental (Elf:2)
  18 humans (D:13)
  2 wraiths
  2 shadows
  3 wyverns
  A water elemental (Elf:1)
  39 yaks
  6 basilisks
  A steam dragon (D:7)
  Grum (Lair:1)
  Edmund (D:7)
  3 vampire mosquitoes (D:13)
  3 swamp worms
  2 acid dragons
  A harpy simulacrum (IceCv)
  A warg (Orc:2)
  21 nagas
  25 water moccasins
  A hell hound (Gauntlet)
  2 black bears (Lair:6)
  8 ice beasts
  19 orc warriors
  A human zombie (Vaults:4)
  34 wolves
  8 centaurs
  9 boggarts
  5 ogres
  2 lemures (D:7)
  A phantom (D:6)
  5 kobold brigands
  Blork the orc (D:4)
  16 bullfrogs
  An earth elemental (Elf:3)
  5 two-headed ogre simulacra (IceCv)
  4 gnoll sergeants
  A necrophage (D:5)
  7 scorpions
  14 wights
  2 elephant simulacra (IceCv)
  4 howler monkeys
  9 electric eels
  4 jellies
  5 hounds
  10 orc priests
  3 gnoll boudas
  2 iguanas
  A scorpion zombie (D:5)
  16 orc wizards
  A hell rat (D:9)
  4 troll simulacra (IceCv)
  4 spriggan simulacra (IceCv)
  3 wolf simulacra (IceCv)
  3 centaur simulacra
  A scorpion simulacrum (D:5)
  Robin (D:3)
  A howler monkey skeleton (D:5)
  30 gnolls
  4 naga simulacra (IceCv)
  3 river rats (D:9)
  12 adders
  21 white imps
  12 ufetubi
  2 worms (D:4)
  3 dart slugs
  41 orcs
  11 endoplasms
  11 giant cockroaches
  51 goblins
  41 hobgoblins
  5 jackals
  9 quokkas
  13 ball pythons
  4 bats
  3 frilled lizards (D:1)
  51 kobolds
  10 rats
  A bush (D:6)
  A butterfly (Lair:5)
1268 creatures vanquished.

Vanquished Creatures (collateral kills)
  A titan (Vaults:5)
  Mlioglotl (Swamp:2)
  Rupert (Lair:5)
  A quicksilver dragon (Vaults:5)
  2 deep elf master archers (Elf:3)
  2 acid blobs (Lair:6)
  A deep elf blademaster (Elf:3)
  2 sphinxes
  A thorn hunter (Swamp:4)
  Agnes (D:15)
  A shadow dragon (Vaults:5)
  Roxanne (Swamp:1)
  2 tengu reavers (Vaults:5)
  2 fenstrider witches
  2 nagarajas
  An azure jelly (Swamp:4)
  A frost giant (Vaults:2)
  4 vault wardens
  A deep elf sorcerer (Elf:3)
  An imperial myrmidon (Desolation)
  3 orc warlords
  Aizul (Snake:1)
  A deep elf elementalist (Elf:3)
  3 ironbound thunderhulks
  2 war gargoyles (Vaults:1)
  3 ghouls (Swamp:4)
  6 ironbound preservers
  2 stone giants (Vaults:5)
  A deep elf demonologist (Elf:3)
  2 very ugly things
  2 dire elephants
  5 eleionomae
  A minotaur (Gauntlet)
  7 deep elf annihilators (Elf:3)
  8 bunyips
  2 ettins
  3 deep elf death magi (Elf:3)
  A crystal guardian (Vaults:4)
  A fire dragon (D:12)
  Snorg (Orc:2)
  2 ragged hierophants (Desolation)
  2 yaktaur captains
  14 hydras
  5 deep elf high priests
  A great orb of eyes (Vaults:1)
  4 vault guards
  3 servants of whispers (Desolation)
  2 ice dragons (Swamp:4)
  3 peacekeepers
  Fannar (Lair:2)
  2 ogre magi
  3 ironbound frosthearts
  A boulder beetle (D:12)
  7 centaur warriors
  3 naga warriors
  8 anacondas
  3 alligators
  2 ghost crabs
  A death knight (D:14)
  3 two-headed ogres
  3 dancing weapons
  10 death yaks
  2 tengu warriors
  3 deep elf knights
  5 orc high priests
  7 naga sharpshooters
  Sonja (Lair:2)
  18 deep trolls
  A spriggan druid (Swamp:4)
  5 goliath frogs
  2 deep elf archers (Elf:3)
  4 naga ritualists
  2 phantasmal warriors (D:14)
  4 lindwurms
  3 swamp dragons
  3 wizards
  3 bog bodies
  8 ironbound convokers
  2 harpies
  3 necromancers
  5 deep elf zephyrmancers
  5 orc sorcerers
  4 cyclopes
  8 orc knights
  4 deep elf pyromancers
  7 mana vipers
  18 ugly things
  14 slime creatures
  2 manticores
  A will-o-the-wisp (Swamp:1)
  9 salamanders
  18 black mambas
  8 naga magi
  A molten gargoyle (Desolation)
  7 vault sentinels
  A cane toad (Lair:6)
  A nameless horror (IceCv)
  An unseen horror (D:12)
  2 rime drakes
  4 yaktaurs
  5 freezing wraiths
  2 human skeletons
  An efreet (D:14)
  An ice devil (IceCv)
  4 trolls
  3 meliai (D:14)
  7 tyrant leeches
  8 hornets
  A wolf spider simulacrum (D:15)
  9 saltlings (Desolation)
  An air elemental (Elf:3)
  A centaur simulacrum (D:12)
  9 spriggans
  A yak (D:12)
  A water elemental (Elf:3)
  2 dire elephant simulacra (IceCv)
  2 wraiths
  3 swamp worm simulacra (Swamp:4)
  3 vampire mosquitoes (D:15)
  A death yak simulacrum (IceCv)
  A yaktaur simulacrum (Vaults:1)
  20 nagas
  4 wargs
  18 swamp worms
  13 hydra simulacra (Swamp:4)
  28 orc warriors
  A swamp drake (Swamp:1)
  An elf simulacrum (Vaults:1)
  4 boggarts
  4 ogres
  2 centaurs (D:14)
  An earth elemental (Elf:3)
  3 two-headed ogre simulacra (IceCv)
  11 orc priests
  15 orc wizards
  A troll simulacrum (IceCv)
  A spriggan simulacrum (IceCv)
  2 naga simulacra (IceCv)
  4 white imps
  3 ufetubi (IceCv)
  5 swamp drake simulacra (Swamp:4)
  37 orcs
607 creatures vanquished.

Vanquished Creatures (others)
  An ancient lich (Vaults:5)
  13 eldritch tentacles
  2 ragged hierophants (Desolation)
  A dancing weapon (Elf:2)
  A shock serpent (Snake:3)
  A necromancer (Vaults:2)
  A shadow dragon skeleton (Vaults:4)
  2 bloated husks (Swamp:4)
  A swamp worm (Swamp:4)
  An orc wizard (Orc:2)
  A demonic plant (Gauntlet)
  10 foxfires
  65 fungi
  133 plants
  15 withered plants (D:5)
248 creatures vanquished.

Grand Total: 2123 creatures vanquished

Notes
Turn   | Place    | Note
-------+----------+-------------------------------------------
     0 | D:1      | Malachi the Octopode Ice Elementalist began the quest for
                  | the Orb.
     0 | D:1      | Reached XP level 1. HP: 11/11 MP: 3/3
   571 | D:1      | Reached XP level 2. HP: 17/17 MP: 1/5
  1658 | D:1      | Reached XP level 3. HP: 21/21 MP: 5/7
  1662 | D:1      | Learned a level 3 spell: Frozen Ramparts
  1666 | D:1      | Learned a level 3 spell: Ozocubu's Armour
  2661 | D:2      | Reached XP level 4. HP: 27/27 MP: 7/9
  2666 | D:2      | Identified the +1 leather armour of Grace {rF+}
  2668 | D:2      | Found a shimmering blue altar of Sif Muna.
  3150 | D:2      | Learned a level 4 spell: Hailstorm
  3312 | D:3      | Noticed Robin
  3322 | D:3      | Killed Robin
  3325 | D:3      | Reached XP level 5. HP: 9/31 MP: 5/11
  3789 | D:3      | Reached skill level 5 in Ice Magic
  4292 | D:4      | Noticed Blork the orc
  4303 | D:4      | Killed Blork the orc
  4304 | D:4      | Reached skill level 1 in Conjurations
  4316 | D:4      | Reached XP level 6. HP: 30/36 MP: 2/12
  4453 | D:4      | Reached skill level 6 in Ice Magic
  4470 | D:4      | Found a shimmering altar of Xom.
  4537 | D:4      | Reached XP level 7. HP: 40/41 MP: 8/13
  4689 | D:4      | Found a staircase to the Ecumenical Temple.
  4724 | Temple   | Entered the Ecumenical Temple
  4724 | Temple   | Found a transporter.
  4724 | Temple   | Found a transporter.
  4734 | Temple   | Found a transporter.
  4734 | Temple   | Found a transporter.
  4760 | Temple   | Became a worshipper of Sif Muna the Loreminder
  5228 | D:5      | Entered Level 5 of the Dungeon
  5238 | D:5      | Reached skill level 7 in Ice Magic
  5577 | D:5      | Reached XP level 8. HP: 40/46 MP: 12/14
  5667 | D:5      | Reached skill level 8 in Ice Magic
  5707 | D:5      | Found a sparkling altar of Nemelex Xobeh.
  6219 | D:5      | Found the +4 dagger "Morg" {pain, Will+ Int+5}
  6254 | D:6      | Reached skill level 5 in Conjurations
  6724 | D:6      | Found Vacka's Antique Armour Boutique.
  6729 | D:6      | Reached skill level 1 in Evocations
  7389 | D:5      | Reached * piety under Sif Muna
  7391 | D:5      | Reached skill level 5 in Spellcasting
  7748 | D:5      | Reached XP level 9. HP: 51/51 MP: 12/17
 10189 | D:6      | Reached ** piety under Sif Muna
 10807 | D:7      | Found Kicu's Jewellery Shoppe.
 10819 | D:7      | Reached skill level 1 in Summonings
 10819 | D:7      | Reached skill level 1 in Invocations
 10990 | D:7      | Noticed Joseph
 11272 | D:7      | Killed Joseph
 11474 | D:7      | Noticed Pikel
 11478 | D:7      | Noticed Maggie
 11483 | D:7      | Killed Pikel
 11484 | D:7      | Reached XP level 10. HP: 22/56 MP: 0/22
 11838 | D:7      | Killed Maggie
 11839 | D:7      | Reached skill level 5 in Invocations
 11888 | D:7      | Reached skill level 5 in Summonings
 12130 | D:7      | Identified the +3 scale mail of Autotheism {-Cast Will-
                  | Dex+8 Stlth+}
 12130 | D:7      | Identified the +3 buckler of Qazlal's Respect {rCorr Dex+2}
 12139 | D:7      | Noticed Majang's ghost (novice MeEE)
 12348 | D:7      | Found a transporter.
 12350 | D:7      | Found a transporter.
 12365 | D:7      | Killed Majang's ghost
 12383 | D:7      | Reached *** piety under Sif Muna
 12588 | D:7      | Identified the ring "Xitoaz" {rPois Will+ Slay+4 SInv}
 12723 | D:7      | Noticed Edmund
 12730 | D:7      | Killed Edmund
 12973 | D:7      | Noticed Sigmund
 12977 | D:7      | Killed Sigmund
 13943 | D:8      | Found a stormy altar of Qazlal.
 14205 | D:8      | Found Qanaxtut's Magic Scroll Boutique.
 14215 | D:8      | Bought a scroll of identify for 22 gold pieces
 14535 | D:8      | Noticed a centaur warrior
 14536 | D:8      | Noticed a death knight
 14601 | D:8      | Killed a centaur warrior
 14602 | D:8      | Reached XP level 11. HP: 41/61 MP: 10/23
 14799 | D:8      | Noticed a two-headed ogre
 15823 | D:8      | Killed a two-headed ogre
 16041 | D:8      | Killed a death knight
 16307 | D:9      | Found an iron altar of Okawaru.
 16352 | D:9      | Found a flagged portal.
 16366 | D:9      | Identified the +5 hand axe of Uncertain Death {vorpal,
                  | Str+3}
 16369 | Bailey   | Entered a bailey
 16575 | Bailey   | Noticed an orc warlord
 16897 | Bailey   | Reached **** piety under Sif Muna
 17365 | Bailey   | Found a runed translucent gate.
 17365 | Bailey   | Found a runed translucent gate.
 17365 | Bailey   | Found a runed translucent gate.
 17439 | Bailey   | Killed an orc warlord
 17773 | Bailey   | Reached skill level 10 in Summonings
 17773 | Bailey   | Reached XP level 12. HP: 66/66 MP: 24/24
 17774 | Bailey   | Reached XP level 13. HP: 71/71 MP: 25/25
 17775 | Bailey   | Reached skill level 15 in Summonings
 17775 | Bailey   | Reached XP level 14. HP: 76/76 MP: 26/26
 18042 | D:10     | Entered Level 10 of the Dungeon
 18420 | D:10     | Learned a level 8 spell: Summon Horrible Things
 20077 | D:9      | Found a staircase to the Lair.
 20529 | D:9      | Found an opulent altar of Gozag.
 21580 | Lair:1   | Entered Level 1 of the Lair of Beasts
 21580 | Lair:1   | Noticed Amaemon
 21584 | Lair:1   | Killed Amaemon
 22766 | Lair:1   | Noticed Ateoteh's ghost (journeyman OgCK)
 22793 | Lair:1   | Found a runed translucent gate.
 22793 | Lair:1   | Found a runed translucent gate.
 22793 | Lair:1   | Found a runed translucent gate.
 23114 | Lair:1   | Identified the ring "Athroc" {rPois rC+ MP+9 SInv}
 23366 | Lair:1   | Noticed Grum
 23373 | Lair:1   | Killed Grum
 23925 | Lair:2   | Found a gate leading to a gauntlet.
 23929 | Gauntlet | Entered a Gauntlet
 23929 | Gauntlet | Found a transporter.
 23929 | Gauntlet | Found a transporter.
 23931 | Gauntlet | Found a transporter.
 23932 | Gauntlet | Found a transporter.
 23934 | Gauntlet | Found a transporter.
 23946 | Gauntlet | Found a transporter.
 23948 | Gauntlet | Found a transporter.
 23949 | Gauntlet | Found a transporter.
 23951 | Gauntlet | Found a transporter.
 23967 | Gauntlet | Found a transporter.
 23970 | Gauntlet | Found a transporter.
 23982 | Gauntlet | Found a runed translucent door.
 24036 | Gauntlet | Found a transporter.
 24588 | Gauntlet | Identified the ring "Russus" {Fly rElec Int+6}
 24859 | Gauntlet | Reached XP level 15. HP: 11/81 MP: 27/28
 25177 | Gauntlet | Identified the +8 rapier of Yeast {pain, rN+ rCorr Stlth-}
 25182 | Gauntlet | Got Sif Muna's Disquisition on Elsewhere
 25519 | Lair:2   | Noticed Fannar
 25523 | Lair:2   | Killed Fannar
 25816 | Lair:2   | Found a staircase to the Snake Pit.
 25927 | Lair:2   | Found a staircase to the Swamp.
 25935 | Lair:2   | Reached skill level 1 in Fighting
 26071 | Lair:2   | Reached skill level 10 in Spellcasting
 26470 | Lair:2   | Noticed Sonja
 26480 | Lair:2   | Killed Sonja
 28062 | Lair:3   | Gained mutation: You expend magic power (3 MP) to
                  | strengthen your wands. [potion of mutation]
 28062 | Lair:3   | Gained mutation: You are agile. (Dex +4, Str/Int -1)
                  | [potion of mutation]
 28062 | Lair:3   | Gained mutation: You possess an exceptional clarity of
                  | mind. [potion of mutation]
 28063 | Lair:3   | Lost mutation: You possess an exceptional clarity of mind.
                  | [potion of mutation]
 28063 | Lair:3   | Lost mutation: You expend magic power (3 MP) to strengthen
                  | your wands. [potion of mutation]
 28063 | Lair:3   | Lost mutation: You are agile. (Dex +4, Str/Int -1) [potion
                  | of mutation]
 28063 | Lair:3   | Gained mutation: You are frail. (-10% HP) [potion of
                  | mutation]
 28063 | Lair:3   | Gained mutation: Your magical capacity is low. (-10% MP)
                  | [potion of mutation]
 28063 | Lair:3   | Gained mutation: Your flesh is heat resistant. (rF+)
                  | [potion of mutation]
 28063 | Lair:3   | Gained mutation: You passively map a small area around you.
                  | [potion of mutation]
 28064 | Lair:3   | Lost mutation: You are frail. (-10% HP) [potion of
                  | mutation]
 28064 | Lair:3   | Lost mutation: You passively map a small area around you.
                  | [potion of mutation]
 28064 | Lair:3   | Lost mutation: Your flesh is heat resistant. (rF+) [potion
                  | of mutation]
 28064 | Lair:3   | Gained mutation: Your system is resistant to poisons.
                  | (rPois) [potion of mutation]
 28064 | Lair:3   | Gained mutation: Your flesh is heat resistant. (rF+)
                  | [potion of mutation]
 28064 | Lair:3   | Gained mutation: You possess an exceptional clarity of
                  | mind. [potion of mutation]
 28065 | Lair:3   | Lost mutation: Your flesh is heat resistant. (rF+) [potion
                  | of mutation]
 28065 | Lair:3   | Lost mutation: Your magical capacity is low. (-10% MP)
                  | [potion of mutation]
 28065 | Lair:3   | Lost mutation: You possess an exceptional clarity of mind.
                  | [potion of mutation]
 28065 | Lair:3   | Gained mutation: Your magical capacity is low. (-10% MP)
                  | [potion of mutation]
 28065 | Lair:3   | Gained mutation: You are clumsy. (Dex -2) [potion of
                  | mutation]
 28065 | Lair:3   | Gained mutation: You are partially covered in iridescent
                  | scales. (AC +2) [potion of mutation]
 30048 | Lair:4   | Identified a scroll of acquirement
 30048 | Lair:4   | Acquired 1013 gold pieces
 31804 | Lair:5   | Learned a level 7 spell: Malign Gateway
 32156 | Lair:5   | Noticed Rupert
 32166 | Lair:5   | Killed Rupert
 32167 | Lair:5   | Reached skill level 5 in Fighting
 32167 | Lair:5   | Reached skill level 1 in Translocations
 32264 | Lair:6   | Entered Level 6 of the Lair of Beasts
 32311 | Lair:6   | Reached ***** piety under Sif Muna
 32567 | Lair:6   | Received a gift from Sif Muna
 32586 | Lair:6   | Got Sif Muna's Opusculum on Sepulchral Frostbite {god gift}
 33052 | Lair:6   | Reached skill level 5 in Translocations
 34044 | Lair:6   | Reached XP level 16. HP: 62/108 MP: 28/28
 34481 | Lair:6   | Reached skill level 10 in Fighting
 34825 | Lair:6   | Found a runed translucent door.
 34826 | Lair:6   | Found a viscous altar of Jiyva.
 34827 | Lair:6   | Noticed an acid blob
 34828 | Lair:6   | Found a staircase to the Slime Pits.
 34828 | Lair:6   | Noticed an acid blob
 35352 | Lair:6   | Lost mutation: Your magical capacity is low. (-10% MP)
                  | [potion of mutation]
 35352 | Lair:6   | Lost mutation: You are clumsy. (Dex -2) [potion of
                  | mutation]
 35352 | Lair:6   | Lost mutation: Your system is resistant to poisons. (rPois)
                  | [potion of mutation]
 35352 | Lair:6   | Gained mutation: You occasionally lose the ability to drink
                  | potions when taking damage. [potion of mutation]
 35352 | Lair:6   | Gained mutation: One of your tentacles bears a spike.
                  | [potion of mutation]
 35607 | Lair:6   | Received a gift from Sif Muna
 35612 | Lair:6   | Got Sif Muna's Tractate on the Comitatus and the Blizzard
                  | {god gift}
 36019 | Lair:6   | Got the Lessons on Transmutation
 36479 | Lair:6   | Killed an acid blob
 36495 | Lair:6   | Killed an acid blob
 37214 | D:11     | Found a staircase to the Orcish Mines.
 37864 | D:11     | Learned a level 2 spell: Passwall
 37957 | Orc:1    | Entered Level 1 of the Orcish Mines
 38326 | Orc:2    | Entered Level 2 of the Orcish Mines
 38326 | Orc:2    | Found a staircase to the Elven Halls.
 38367 | Orc:2    | Found a shimmering altar of Xom.
 38759 | Orc:2    | Reached skill level 1 in Necromancy
 38788 | Orc:2    | Received a gift from Sif Muna
 38838 | Orc:2    | Got Miwoa's Parchment of Transmuted Pollution {god gift}
 38976 | Orc:2    | Found Xiocausa's Antique Armour Shoppe.
 38977 | Orc:2    | Found Jyimy's Antique Weapon Shoppe.
 38979 | Orc:2    | Found Inaizeq's General Store.
 38979 | Orc:2    | Found Gorph's Jewellery Emporium.
 39018 | Orc:2    | Bought a potion of heal wounds for 80 gold pieces
 39018 | Orc:2    | Bought a scroll of immolation for 56 gold pieces
 39036 | Orc:2    | Bought a +6 ring of intelligence for 396 gold pieces
 39348 | Orc:2    | Noticed Snorg
 39354 | Orc:2    | Killed Snorg
 39355 | Orc:2    | Reached skill level 15 in Fighting
 39915 | Orc:2    | Learned a level 4 spell: Dispel Undead
 40021 | D:12     | Found a frozen archway.
 40051 | IceCv    | Entered an ice cave
 40407 | IceCv    | Received a gift from Sif Muna
 40410 | IceCv    | Got Sif Muna's Spellbook of Mercurial Combat Magic {god
                  | gift}
 41572 | IceCv    | Reached skill level 5 in Necromancy
 42027 | IceCv    | Identified the +5 robe of Vecwysh {Dex+2}
 43147 | D:13     | Reached XP level 17. HP: 85/127 MP: 21/33
 43156 | D:13     | Lost mutation: One of your tentacles bears a spike. [potion
                  | of mutation]
 43156 | D:13     | Lost mutation: You occasionally lose the ability to drink
                  | potions when taking damage. [potion of mutation]
 43156 | D:13     | Gained mutation: You are robust. (+10% HP) [potion of
                  | mutation]
 43156 | D:13     | Gained mutation: You are resistant to electric shocks.
                  | (rElec) [potion of mutation]
 43156 | D:13     | Gained mutation: You are mostly covered in iridescent
                  | scales. (AC +4) [potion of mutation]
 43416 | D:13     | Found a gate to the Vaults.
 43883 | D:13     | Reached skill level 1 in Transmutations
 43883 | D:13     | Reached skill level 1 in Earth Magic
 43884 | D:13     | Received a gift from Sif Muna
 43888 | D:13     | Got Sif Muna's Quarto of Conflict and Enchantment {god
                  | gift}
 44873 | D:13     | Found Jiphuut's Distillery.
 44883 | D:13     | Bought a potion of haste for 170 gold pieces
 44883 | D:13     | Bought a potion of heal wounds for 85 gold pieces
 44883 | D:13     | Bought a potion of heal wounds for 85 gold pieces
 44883 | D:13     | Bought a potion of brilliance for 68 gold pieces
 44883 | D:13     | Bought a potion of lignification for 51 gold pieces
 44883 | D:13     | Bought a potion of haste for 170 gold pieces
 45061 | D:13     | Learned a level 2 spell: Blink
 45068 | D:13     | Learned a level 6 spell: Statue Form
 46679 | D:14     | Reached skill level 5 in Transmutations
 46679 | D:14     | Reached skill level 5 in Earth Magic
 47036 | D:12     | Identified the +4 hand axe "Banedd" {holy, rPois rC+ Dex+5}
 47087 | D:15     | Entered Level 15 of the Dungeon
 47465 | D:15     | Found a white marble altar of Elyvilon.
 47587 | D:15     | Found Qonuufed's General Store.
 47596 | D:15     | Bought a scroll of teleportation for 30 gold pieces
 47596 | D:15     | Bought a condenser vane for 400 gold pieces
 47646 | D:15     | Found a staircase to the Depths.
 47813 | D:15     | Received a gift from Sif Muna
 47816 | D:15     | Got Sif Muna's Folio of Interference {god gift}
 48088 | D:15     | Noticed Agnes
 48093 | D:15     | Killed Agnes
 48641 | D:7      | Bought the ring of Shadows {Umbra +Inv Stlth+} for 600 gold
                  | pieces
 48641 | D:7      | Found the ring of Shadows {Umbra +Inv Stlth+}
 48880 | Swamp:1  | Entered Level 1 of the Swamp
 48965 | Swamp:1  | Identified the +3 falchion of Iqies {protect, rF+ rN+
                  | Dex+4}
 49460 | Swamp:1  | Identified Roxanne's Parchment of Shapeshifting
 49460 | Swamp:1  | Noticed Roxanne
 49477 | Swamp:1  | Killed Roxanne
 49620 | Swamp:1  | Reached XP level 18. HP: 147/147 MP: 33/34
 49823 | Swamp:2  | Reached skill level 5 in Dodging
 49846 | Swamp:2  | Noticed Mlioglotl
 49852 | Swamp:2  | Killed Mlioglotl
 51909 | Swamp:4  | Entered Level 4 of the Swamp
 52757 | Swamp:4  | Received a gift from Sif Muna
 52774 | Swamp:4  | Got Sif Muna's Discourse on Blight and the Commander {god
                  | gift}
 52993 | Swamp:4  | Reached skill level 10 in Dodging
 53472 | Swamp:4  | Got a decaying rune of Zot
 53897 | Snake:1  | Entered Level 1 of the Snake Pit
 54216 | Snake:1  | Noticed Aizul
 54223 | Snake:1  | Killed Aizul
 54978 | Snake:1  | Found Akemifox's Weapon Shop.
 55258 | Snake:2  | Reached skill level 5 in Stealth
 55263 | Snake:2  | Received a gift from Sif Muna
 55274 | Snake:2  | Reached XP level 19. HP: 109/152 MP: 27/35
 55466 | Snake:2  | Got Sif Muna's Cyclopedia of the Congregated Mountains {god
                  | gift}
 57744 | Snake:2  | Reached skill level 10 in Stealth
 57909 | Snake:2  | Identified the +8 dire flail of Perfectionism {drain, Dex+3
                  | SInv Stlth-}
 58957 | Snake:3  | Reached skill level 1 in Shields
 59893 | Snake:4  | Entered Level 4 of the Snake Pit
 59981 | Snake:4  | Reached skill level 1 in Short Blades
 60562 | Snake:4  | Found Iblilomp's Jewellery Emporium.
 60563 | Snake:4  | Found Geut Juzea's Book Shop.
 60564 | Snake:4  | Found Fifox's Jewellery Emporium.
 60576 | Snake:4  | Bought a manual of Shields for 1360 gold pieces
 60580 | Snake:4  | Bought the amulet of Ofuom {RegenMP Will+} for 766 gold
                  | pieces
 60603 | Snake:4  | Bought the amulet of the Four Winds {rN+ Will+++ Clar} for
                  | 702 gold pieces
 60603 | Snake:4  | Found the amulet of the Four Winds {rN+ Will+++ Clar}
 60680 | Snake:4  | Reached skill level 5 in Shields
 60744 | Snake:4  | Received a gift from Sif Muna
 60747 | Snake:4  | Got Sif Muna's Wizarding in Simple Steps {god gift}
 61238 | Snake:4  | Reached skill level 5 in Short Blades
 62089 | Snake:4  | Got a serpentine rune of Zot
 62731 | Elf:1    | Entered Level 1 of the Elven Halls
 62888 | Elf:1    | Paralysed by an air elemental for 1 turns
 62892 | Elf:1    | Paralysed by an air elemental for 1 turns
 62900 | Elf:1    | Paralysed by an air elemental for 1 turns
 63413 | Elf:1    | Reached XP level 20. HP: 159/159 MP: 36/36
 63869 | Elf:1    | Found a runed translucent door.
 63869 | Elf:1    | Noticed Duil's ghost (adept DsCj)
 63959 | Elf:1    | Killed Duil's ghost
 63994 | Elf:1    | Received a gift from Sif Muna
 64329 | Elf:2    | Found Qiovepoq's Antique Armour Emporium.
 64384 | Elf:2    | Reached skill level 10 in Short Blades
 64460 | Elf:2    | Found a runed translucent gate.
 64460 | Elf:2    | Found a runed translucent gate.
 64461 | Elf:2    | Found a runed translucent gate.
 65645 | Elf:2    | Reached skill level 10 in Shields
 66195 | Elf:3    | Entered Level 3 of the Elven Halls
 66488 | Elf:3    | Noticed a Tzitzimitl
 66752 | Elf:3    | Paralysed by an air elemental for 1 turns
 66755 | Elf:3    | Paralysed by an air elemental for 1 turns
 66757 | Elf:3    | Paralysed by an air elemental for 1 turns
 66896 | Elf:3    | Identified the +4 flail of Blood-Lust {protect, rF+ Will+
                  | Int+3}
 66896 | Elf:3    | Identified the +7 chain mail of the Unbroken {Regen+}
 66915 | Elf:3    | Identified the +5 war axe "Ograily" {venom, rElec Int+2}
 67369 | Elf:3    | Noticed a Brimstone Fiend
 67375 | Elf:3    | Identified the +0 robe of Least Resistance {+Inv rF+ rC+
                  | Int-2}
 67379 | Elf:3    | Received a gift from Sif Muna
 67386 | Elf:3    | Got Sif Muna's Tractate on Well-Done Evolution {god gift}
 67781 | Elf:3    | Identified the ring "Ybroum" {Fire rElec Str-2 Int+4}
 67830 | Elf:3    | Noticed a Tzitzimitl
 68130 | Elf:3    | Found an ancient bone altar of Kikubaaqudgha.
 68174 | Elf:3    | Paralysed by an air elemental for 1 turns
 68352 | Elf:3    | Found Ahank's General Store.
 68381 | Elf:3    | Found a portal to a secret trove of treasure.
 68759 | Elf:3    | Reached XP level 21. HP: 161/166 MP: 37/37
 68879 | Elf:3    | Reached skill level 10 in Necromancy
 69045 | Elf:3    | Identified the +3 ring mail of Goelosinink {Regen+ Stlth+}
 69132 | Elf:3    | Identified the +1 ring mail "Kimaumm" {rC+ rCorr}
 69134 | Elf:3    | Identified the +1 pair of boots "Jenix" {Fly rF- Dex-2
                  | SInv}
 69996 | Snake:4  | Bought the ring of Gerghishry {*Corrode rElec rPois rC++
                  | Int+6} for 1057 gold pieces
 70281 | Vaults:1 | Entered Level 1 of the Vaults
 70661 | Vaults:1 | Received a gift from Sif Muna
 70701 | Vaults:1 | Found a crumbling gateway.
 70709 | Desolati | Entered the Desolation of Salt
 71266 | Desolati | Identified the +3 leather armour of the Butterfly {Dex+7}
 71291 | Desolati | Got the Vellum of the Meteoric Blizzard
 71614 | Desolati | Reached skill level 1 in Hexes
 71614 | Desolati | Reached skill level 10 in Transmutations
 71966 | Desolati | Identified the +1 scale mail "Qadeaf" {Int+4 Dex+3}
 72188 | Vaults:1 | Received a gift from Sif Muna
 73142 | Vaults:1 | Found Epsar's Book Shop.
 73436 | Vaults:1 | Reached skill level 9 in Ice Magic
 73446 | Vaults:1 | Reached XP level 22. HP: 172/172 MP: 38/38
 74072 | Vaults:1 | Reached skill level 10 in Ice Magic
 74075 | Vaults:1 | Received a gift from Sif Muna
 74090 | Vaults:1 | Got Ebuki's Grimoire of the Boulder {god gift}
 74779 | Vaults:2 | Reached skill level 11 in Ice Magic
 74921 | Vaults:2 | Reached skill level 12 in Ice Magic
 75278 | Vaults:2 | Reached skill level 13 in Ice Magic
 75306 | Vaults:2 | Reached skill level 14 in Ice Magic
 75357 | Vaults:2 | Found a staircase to the Crypt.
 76117 | Vaults:2 | Reached skill level 15 in Ice Magic
 77400 | Vaults:3 | Received a gift from Sif Muna
 78160 | Vaults:3 | Reached skill level 16 in Ice Magic
 78476 | Vaults:3 | Identified the +0 scale mail "Kaes" {rN+ Int+2 SInv}
 79147 | Vaults:4 | Reached skill level 17 in Ice Magic
 79290 | Vaults:4 | Received a gift from Sif Muna
 79292 | Vaults:4 | Reached XP level 23. HP: 178/178 MP: 37/39
 79298 | Vaults:4 | Got Awoboe Anipt's Excursus on Morbid Generation {god gift}
 79641 | Vaults:4 | Found Pimetol's General Store.
 80511 | Vaults:4 | Reached skill level 18 in Ice Magic
 80801 | Vaults:4 | Found a runed translucent door.
 80801 | Vaults:4 | Noticed Weosaxue's ghost (adept GrEE)
 80816 | Vaults:4 | Killed Weosaxue's ghost
 81302 | Vaults:4 | Acquired the +0 hat of the Furies {rC++ Regen+}
 81485 | Vaults:5 | Entered Level 5 of the Vaults
 81485 | Vaults:5 | Noticed an ancient lich
 81549 | Vaults:5 | Reached skill level 19 in Ice Magic
 81585 | Vaults:5 | Learned a level 5 spell: Silence
 81635 | Vaults:5 | Identified the +8 glaive of Faonwero {spect, rElec rPois
                  | Int+3 Dex+3}
 81815 | Vaults:5 | Identified the +4 quarterstaff "Jaxintin" {vorpal, Fragile
                  | Str+6 Stlth+}
 82016 | Vaults:5 | Learned a level 9 spell: Polar Vortex
 82052 | Vaults:5 | Killed an ancient lich
 82060 | Vaults:5 | Killed from afar by a war gargoyle

Illustrated notes

Levels and vault maps discovered:
D:1:      saegor_arrival_simple_a, layout_basic, minmay_worlds_worst_comb
D:2:      layout_basic, basic_altar
D:3:      layout_rooms, uniq_robin
D:4:      layout_rooms, xom_confusion_cloud, minmay_temple_entry_slanted,
          chequers_hall_statues_corner_a, grunt_decor_clamped, chequers_garden,
          st_stairs_4, uniq_blork_the_orc
D:5:      layout_loops_ring, general_overflow_altar, dilly_guarded_unrand_morg
D:6:      minmay_goblin_kobold_castle, layout_basic, serial_shops,
          nicolae_diamond_shop, lexackson_kobold_supper
D:7:      kennysheep_kobold_camp, layout_cave_pools, serial_shops, shop,
          gammafunk_ghost_gnarly_gnolls, sigmund_edmund_badplayer, uniq_pikel,
          uniq_joseph, uniq_maggie
D:8:      minmay_chambers_of_sixes, layout_loops_ring,
          nicolae_qazlal_general_emergency, serial_shops,
          nicolae_lakefront_shop, hangedman_abyss_or_decor_stabs,
          fungi_pond_lemuel, minmay_statues_item
D:9:      layout_grid_maze, amcnicky_altar_gilded,
          mainiacjoe_overflow_concentric_impassable, dpeg_lair_monsters,
          enter_bailey_2
D:10:     layout_gridville
D:11:     layout_roguey, orc_0_dummy, lightli_corner_chamber
D:12:     layout_rooms, serial_ice, serial_ice_g, serial_ice_l, serial_ice_a,
          serial_ice_e, serial_ice_o, serial_ice_h, serial_ice_n, serial_ice_d,
          portal_ice_cave_entry_imps, minivault_12
D:13:     layout_long_grid, grunt_vaults_entry_tiered, serial_shops,
          nicolae_lakefront_shop
D:14:     layout_long_grid, serial_park_tiny_pond, minmay_variable_closet
D:15:     hangedman_depths_entry_civil_slaughter, layout_irregular_city,
          elyvilon_altar_3, serial_shops, nicolae_shop_crystal, uniq_agnes
Temple:   hellmonk_temple_divided_pantheon
Lair:1:   layout_loops_ring, maelrawn_ghost_gauntlet_escape,
          nicolae_quartered_pool_medium, cheibrodos_lair_reptile_den,
          uniq_amaemon, uniq_grum
Lair:2:   layout_long_grid, minmay_swamp_entry_worms, dummy_snake_entry,
          gauntlet_entry_generic, uniq_fannar, uniq_sonja
Lair:3:   layout_hall_layers, grunt_megastairs_2
Lair:4:   layout_cave_pods
Lair:5:   layout_layer_cave, lemuel_fruit_fields, uniq_rupert
Lair:6:   minmay_lair_end_enchanted_forest, layout_cave_pods, slime_entry_2,
          st_stairs_3
Swamp:1:  layout_basic_swamp, evilmike_swamp_ruin_house_3, uniq_roxanne
Swamp:2:  layout_basic_swamp, evilmike_swamp_ruin_house_4, swamp_pool1,
          infiniplex_staircase_pool_2, uniq_mlioglotl
Swamp:3:  layout_basic_swamp, evilmike_swamp_ruin_house_5, swamp_pool1
Swamp:4:  swamp_icy, layout_basic_swamp, infiniplex_staircase_pool
Snake:1:  layout_misc_corridors, serial_shops, nicolae_lakefront_shop,
          abandoned_shop, uniq_aizul
Snake:2:  cheibrodos_snake_lava_hold, layout_onion_interference,
          grunt_ministairs_8, lemuel_fruit_tree
Snake:3:  layout_onion
Snake:4:  minmay_snake_end_coiled, layout_cave_town, minmay_shop_grove
Orc:1:    layout_caves
Orc:2:    st_orc_congregation, layout_caves, basic_altar, uniq_snorg
Elf:1:    minmay_elf_arrival_circle, layout_loops_corners,
          gammafunk_ghost_grave, hangedman_elf_disciples, billiards_dpeg
Elf:2:    elven_hall_of_blades_hangedman_original
          [infiniplex_blade_entry_pillars], layout_loops_ring, serial_shops,
          nicolae_shop_advertising_works [nicolae_subvault_shop_adworks],
          nicolae_elf_big_sculpture_1
Elf:3:    minmay_elf_hall_spiked, layout_geoelf_diagonals, special_room
          [special_room_orc], basic_altar, nicolae_trove_entry_isolated,
          serial_shops, nicolae_shop_statue_plus
Vaults:1: portal_desolation_entry_twin_temple, nicolae_vaults_rhombus_6,
          v_pattern_3, nicolae_vaults_asterisk, nicolae_vaults_little_squares_5,
          nicolae_vaults_circle_grid_b, nicolae_vaults_network_periphery,
          hangedman_vaults_unwind, hangedman_vaults_nodes,
          hangedman_vaults_slice, v_misc_11, ontoclasm_vaults_gateway,
          vaults_room_pools, vaults_room_door_ring,
          ontoclasm_vaults_decontamination, grunt_vaults_hallway_short,
          layout_vaults_ring, serial_shops, nicolae_shop_waterfront
Vaults:2: vaults_room_pool, minmay_crypt_entry_simple_sparse,
          grunt_vaults_trifunnel, grunt_vaults_bifocal,
          nicolae_vaults_minivaults, vaults_dpeg_encased_lava,
          hangedman_vaults_slice, layout_vaults_quadrants
Vaults:3: dpeg_vaults_monster_row, v_rooms_4, v_misc_31, vaults_room_door_hall,
          vaults_room_stairs_pillars, grunt_vaults_hallway_long,
          nicolae_vaults_little_squares_6, nicolae_vaults_shelves_hall,
          grunt_vaults_hallway_short, layout_vaults_chaotic_city
Vaults:4: ebering_ghost_inner_flame, hangedman_vaults_stitches, v_misc_3,
          nicolae_vaults_network_quincunx
          [nicolae_vaults_network_quincunx_subvault,
          nicolae_vaults_network_quincunx_subvault,
          nicolae_vaults_network_quincunx_subvault,
          nicolae_vaults_network_quincunx_subvault,
          nicolae_vaults_network_quincunx_subvault], hangedman_vaults_capsules,
          vaults_mumra_hexcomb, nicolae_vaults_inception_scallops,
          vaults_room_grid, v_misc_8, vaults_mumra_minichess_inversion,
          layout_vaults_omnicross, serial_shops, shop_fountains
Vaults:5: uniq_margery

Skill      XL: |  1  2  3  4  5  6  7  8  9 10 11 12 13 14 15 16 17 18 19 20 21 22 23 |
---------------+----------------------------------------------------------------------+-----
Spellcasting   | 3 4 5 8 9 12 | 12.1
Ice Magic      | 5 6 7 8 9 17 19 | 19.7
Conjurations   | 1 2 3 6 |  6.0
Evocations     | 1 |  1.4
Summonings     | 4 7 10 13 15 16 17 | 17.0
Invocations    | 4 8 11 | 11.6
Fighting       | 9 15 | 15.0
Translocations | 5 7 |  7.0
Necromancy     | 6 7 9 12 | 12.0
Transmutations | 8 12 | 12.0
Earth Magic    | 8 |  8.0
Dodging        | 12 | 12.0
Stealth        | 5 12 | 12.0
Shields        | 5 13 | 13.5
Short Blades   | 8 10 | 10.0
Hexes          | 4 |  4.0
Maces & Flails | |  0.3
Throwing       | |  0.2

Action                   |  1- 3 |  4- 6 |  7- 9 | 10-12 | 13-15 | 16-18 | 19-21 | 22-24 || total
-------------------------+-------+-------+-------+-------+-------+-------+-------+-------++-------
Melee: Unarmed           |     8 |       |       |       |       |       |       |       ||     8
       Tentacles         |     9 |     3 |    52 |     7 |    29 |    76 |   362 |   249 ||   787
       Constrict         |     8 |     6 |    20 |    12 |    26 |    38 |   101 |    46 ||   257
       Dagger            |    17 |    17 |   144 |    36 |   122 |   225 |   967 |   619 ||  2147
       Punch             |       |       |     2 |     1 |     2 |     4 |    22 |    21 ||    52
       Kick              |       |       |       |       |       |    76 |       |       ||    76
 Cast: Freeze            |    35 |    34 |    33 |    21 |   211 |    64 |       |       ||   398
       Frozen Ramparts   |     3 |     7 |    16 |    16 |    67 |    48 |    50 |    23 ||   230
       Ozocubu's Armour  |       |     2 |    10 |     7 |    28 |    26 |     1 |       ||    74
       Hailstorm         |       |     2 |    39 |    54 |    89 |   116 |    97 |    35 ||   432
       Summon Horrible T |       |       |       |       |    11 |   129 |    50 |    34 ||   224
       Passwall          |       |       |       |       |       |     4 |       |       ||     4
       Malign Gateway    |       |       |       |       |       |     3 |     9 |     1 ||    13
       Dispel Undead     |       |       |       |       |       |     8 |       |    21 ||    29
       Statue Form       |       |       |       |       |       |     5 |    79 |    38 ||   122
       Silence           |       |       |       |       |       |       |       |     1 ||     1
Invok: Channel Magic     |       |       |       |       |     3 |       |       |       ||     3
Evoke: Wand              |       |       |    18 |     6 |       |     1 |       |       ||    25
       Condenser vane    |       |       |       |       |       |       |     2 |     1 ||     3
  Use: Scroll            |       |     5 |     5 |     6 |    10 |     2 |    10 |     6 ||    44
       Potion            |       |       |       |     2 |    14 |     4 |     4 |     6 ||    30
 Stab: Sleeping          |     4 |       |     9 |     1 |     3 |     4 |    77 |    43 ||   141
       Paralysed         |       |       |     2 |       |       |       |       |       ||     2
       Distracted        |       |       |       |       |     3 |       |     6 |     7 ||    16
Armor: Skin              |    16 |     8 |    26 |     9 |    82 |   147 |   436 |   344 ||  1068
Dodge: Dodged            |    49 |    26 |   128 |    55 |   238 |   443 |   763 |   493 ||  2195
Block: Buckler           |       |       |       |    13 |   158 |   218 |   479 |   364 ||  1232

Table legend: (Time is in decaauts)
 A = Elapsed time spent in this place.
 B = Non-inter-level travel time spent in this place.
 C = Inter-level travel time spent in this place.
 D = Time resting spent in this place.
 E = Time spent auto-exploring this place.
 F = Levels seen in this place.
 G = Mean time per level.
                   A        B        C        D        E       F      G
               +--------+--------+--------+--------+--------+-----+--------+
         Total |  84873 |  81340 |   3533 |  34166 |  29680 |  44 | 1928.9 |
       Dungeon |  28128 |  26865 |   1263 |  12002 |  10348 |  15 | 1875.2 |
        Temple |     50 |     41 |      9 |      0 |     14 |   1 |   50.0 |
          Lair |  14275 |  13337 |    938 |   6347 |   5109 |   6 | 2379.2 |
         Swamp |   5145 |   5006 |    139 |   1525 |   2257 |   4 | 1286.2 |
     Snake Pit |   9665 |   9328 |    337 |   4259 |   3154 |   4 | 2416.2 |
  Orcish Mines |   2060 |   1895 |    165 |    152 |    974 |   2 | 1030.0 |
   Elven Halls |   7802 |   7298 |    504 |   2444 |   2712 |   3 | 2600.7 |
        Vaults |  11266 |  11091 |    175 |   3844 |   4466 |   5 | 2253.2 |
        Bailey |   1472 |   1472 |      0 |    993 |     53 |   1 | 1472.0 |
      Ice Cave |   2162 |   2162 |      0 |   1345 |    166 |   1 | 2162.0 |
    Desolation |   1580 |   1580 |      0 |    356 |    425 |   1 | 1580.0 |
      Gauntlet |   1264 |   1264 |      0 |    897 |      0 |   1 | 1264.0 |
               +--------+--------+--------+--------+--------+-----+--------+

Top non-repeatable levels by time:
     D:6: 4704 daAuts
  Lair:6: 4041 daAuts
   Elf:3: 3892 daAuts
 Snake:2: 3688 daAuts
Vaults:1: 3343 daAuts
 Snake:4: 3156 daAuts
Vaults:4: 3079 daAuts
Vaults:2: 2695 daAuts
     D:7: 2564 daAuts
  Lair:1: 2557 daAuts
     D:8: 2433 daAuts
    D:13: 2412 daAuts
     D:1: 2289 daAuts
   Elf:2: 2271 daAuts
  Lair:4: 2231 daAuts
